 Dungeon Crawl Stone Soup version 0.31.0-11-ge490571c62 (webtiles) character file.

Game seed: 14035703880316381574

2730 Abimelech the Ruffian (level 9, -1/84 HPs)
             Began as a Troll Fighter on Feb 4, 2024.
             Was an Initiate of Yredelemnul.
             Slain by a killer bee (4 damage)
             ... on level 7 of the Dungeon.
             The game lasted 00:23:58 (5501 turns).

Abimelech the Ruffian (Troll Fighter)               Turns: 5501, Time: 00:23:59

Health: -1/84      AC:  4    Str: 32    XL:     9   Next: 40%
Magic:  0/10       EV: 10    Int:  6    God:    Yredelemnul [......]
Gold:   465        SH:  8    Dex: 11    Spells: 8/8 levels left

rFire   . .          .
                       - Unarmed
rCold   . . .        b - +0 kite shield
rNeg    . . .        q - +0 robe {Will+}
rPois   .            (helmet restricted)
rElec   .            (no cloak)
rCorr   .            (gloves unavailable)
SInv    .            (boots unavailable)
Will    +....        o - amulet of guardian spirit
Stlth   ++           f - +6 ring of strength
HPRegen 1.14/turn    (no ring)
MPRegen 0.12/turn

%: guardian spirit
@: lethally poisoned (-1 -> -12)
A: large, unfitting armour, claws 3, regeneration 1, shaggy fur 1, tough skin 1
a: Renounce Religion, Recall Undead Harvest


You were on level 7 of the Dungeon.
You worshipped Yredelemnul.
Yredelemnul was noncommittal.
You visited 1 branch of the dungeon, and saw 7 of its levels.

You collected 465 gold pieces.

Inventory:

Hand Weapons
 i - a +0 giant spiked club
 r - a +0 short sword
Missiles
 l - 4 javelins (quivered)
Armour
 a - a +0 robe
 b - a +0 kite shield (worn)
 q - a +0 robe of willpower (worn)
 s - +0 acid dragon scales
Jewellery
 f - a +6 ring of strength (left claw)
 o - an amulet of guardian spirit (around neck)
Talismans
 h - a beast talisman
 m - a maw talisman
Scrolls
 e - a scroll of amnesia
 k - 3 scrolls of teleportation
Potions
 c - 2 potions of might
 d - a potion of ambrosia
 g - a potion of attraction
 j - 4 potions of resistance
 n - a potion of degeneration


   Skills:
 * Level 3.8 Fighting
 * Level 1.0 Maces & Flails
 * Level 1.2 Throwing
 * Level 2.8 Armour
 * Level 4.5 Dodging
 * Level 2.0 Stealth
 * Level 4.7 Shields
 * Level 7.2 Unarmed Combat
 * Level 2.8 Invocations
 * Level 2.2 Evocations
 * Level 2.3 Shapeshifting


You had 8 spell levels left.
You didn't know any spells.
Your spell library contained the following spells:

 Spells                   Type           Power      Damage    Failure   Level
 Call Canine Familiar     Summ           0%         N/A       95%         3
 Sigil of Binding         Hex            0%         N/A       95%         3
 Dimensional Bullseye     Hex/Tloc       0%         N/A       100%        4


Dungeon Overview and Level Annotations

Branches:
Dungeon (7/15)             Temple (0/1) D:5

Altars:
Yredelemnul

Shops:
D:3 (


Innate Abilities, Weirdness & Mutations

You are too large for most types of armour.
You have claws for hands.
Your natural rate of healing is unusually fast.
You are covered in fur. (AC +1)
You have tough skin. (AC +1)


Message History

The killer bee stings you.
* * * LOW HITPOINT WARNING * * *
You block the killer bee's attack. The killer bee misses you.
The killer bee stings you.
* * * LOW HITPOINT WARNING * * *
You are more poisoned.
The killer bee poisons you! The killer bee stings you.
* * * LOW HITPOINT WARNING * * *
You are lethally poisoned!
The killer bee poisons you!
You mangle the killer bee!!
You kill the killer bee!
The dead are flying!
* * * LOW HITPOINT WARNING * * *
You feel very sick.
You block the killer bee's attack. x2; The killer bee stings you.
* * * LOW HITPOINT WARNING * * *
You are more poisoned.
The killer bee poisons you!
It was a potion of heal wounds.
You feel much better.
* * * LOW HITPOINT WARNING * * *
You feel extremely sick. You block the killer bee's attack. x2
Your killer bee zombie barely misses the killer bee.
The killer bee stings you.
* * * LOW HITPOINT WARNING * * *
The killer bee stings you.
* * * LOW HITPOINT WARNING * * *
The killer bee barely misses you.
Unknown command.
You miss the killer bee.
* * * LOW HITPOINT WARNING * * *
You feel very sick.
Your killer bee zombie misses the killer bee.
The killer bee stings you but does no damage.
You block the killer bee's attack. x2
Your killer bee zombie hits the killer bee.
You block the killer bee's attack. The killer bee stings you.
You die...
Your body rises from the dead as a mindless zombie.

...#... ##.#.#...
#......# ##.#....
####.>...#
.###...?...#
........Z.#####
.........y@yy<#######
.......#.#y##)......#
####.....#.##.).###..
#...###.#...Zy#
...............#
............###.y#
...##.####.#. #....
.## .. #..# ###.. .#.
.


You could see 4 killer bees and a friendly killer bee zombie.

Vanquished Creatures
  Maggie (D:7)
  A steam dragon (D:6)
  A sky beast (D:6)
  2 orc warriors (D:6)
  An ice beast (D:5)
  2 black bears (D:4)
  An ogre (D:6)
  A phantom (D:4)
  2 kobold brigands
  A gnoll sergeant (D:6)
  A scorpion (D:6)
  2 killer bees (D:7)
  A bombardier beetle (D:4)
  A hound (D:5)
  5 jellies
  4 orc priests
  A sleepcap (D:4)
  3 iguanas
  4 orc wizards
  5 gnolls
  2 adders
  A shadow imp (D:6)
  A ribbon worm (D:2)
  4 dart slugs
  20 orcs
  4 endoplasms
  A giant cockroach (D:4)
  9 goblins
  12 hobgoblins
  4 jackals (D:2)
  2 quokkas (D:1)
  5 ball pythons
  3 bats
  2 frilled lizards (D:1)
  10 kobolds
  A rat (D:1)
121 creatures vanquished.

Vanquished Creatures (collateral kills)
  Grinder (D:6)
  A centaur (D:6)
  A kobold brigand (D:4)
  A bullfrog (D:6)
  A jelly (D:5)
  2 gnolls (D:4)
  A white imp (D:6)
  A ribbon worm (D:4)
  6 orcs
  A ball python (D:2)
  2 goblins (D:4)
  A hobgoblin (D:4)
  2 jackals (D:2)
  A frilled lizard (D:2)
  9 kobolds
31 creatures vanquished.

Vanquished Creatures (others)
  A human zombie (D:7)
  A hound zombie (D:5)
  4 jelly zombies
  An adder zombie (D:5)
  A bat zombie (D:2)
  A gnoll zombie (D:4)
  A hobgoblin zombie (D:4)
  6 kobold zombies
  8 orc zombies
24 creatures vanquished.

Grand Total: 176 creatures vanquished

Notes
Turn   | Place    | Note
-------+----------+-------------------------------------------
     0 | D:1      | Abimelech the Troll Fighter began the quest for the Orb.
     0 | D:1      | Reached XP level 1. HP: 22/22 MP: 0/0
    19 | D:1      | Reached XP level 2. HP: 28/29 MP: 1/1
   193 | D:2      | Found a faded altar of an unknown god.
   200 | D:2      | Prayed at the altar of an unknown god.
   200 | D:2      | Became a worshipper of Yredelemnul the Dark
   200 | D:2      | Reached * piety under Yredelemnul
   291 | D:2      | Reached ** piety under Yredelemnul
   292 | D:2      | Reached XP level 3. HP: 36/36 MP: 2/2
   523 | D:2      | Reached *** piety under Yredelemnul
  1651 | D:3      | Reached XP level 4. HP: 44/44 MP: 3/3
  1811 | D:3      | Found Zih Caum's Antique Weapon Boutique.
  2282 | D:4      | Reached skill level 3 in Unarmed Combat
  2309 | D:4      | Reached XP level 5. HP: 40/52 MP: 4/4
  2309 | D:4      | Noticed a black bear
  2316 | D:4      | Killed a black bear
  2317 | D:4      | Reached skill level 1 in Armour
  2429 | D:4      | Reached XP level 6. HP: 45/59 MP: 5/5
  2513 | D:4      | Reached skill level 4 in Unarmed Combat
  2529 | D:4      | HP: 3/61 [gnoll/+0 spear (6)]
  2534 | D:4      | HP: 3/61 [phantom (6)]
  2536 | D:4      | Reached skill level 1 in Invocations
  2536 | D:4      | Reached skill level 1 in Evocations
  2546 | D:4      | HP: 2/61 [kobold/+0 whip (3)]
  2562 | D:4      | Reached skill level 1 in Stealth
  2614 | D:4      | Identified the +1 scale mail of Dim Light {SInv}
  2723 | D:4      | Reached XP level 7. HP: 64/67 MP: 6/6
  3261 | D:4      | Reached **** piety under Yredelemnul
  3434 | D:5      | Entered Level 5 of the Dungeon
  3457 | D:5      | Reached skill level 5 in Unarmed Combat
  3866 | D:5      | Reached skill level 1 in Shapeshifting
  3870 | D:5      | Reached XP level 8. HP: 74/75 MP: 8/8
  3992 | D:5      | Found a staircase to the Ecumenical Temple.
  4759 | D:6      | Reached skill level 6 in Unarmed Combat
  4844 | D:6      | Noticed Grinder
  4875 | D:6      | Paralysed by Grinder for 5 turns
  4876 | D:6      | Killed Grinder
  4983 | D:6      | Reached XP level 9. HP: 80/84 MP: 9/9
  5040 | D:6      | Reached skill level 1 in Throwing
  5246 | D:6      | Reached ***** piety under Yredelemnul
  5430 | D:7      | Noticed Maggie
  5446 | D:7      | Killed Maggie
  5447 | D:7      | Reached skill level 7 in Unarmed Combat
  5450 | D:7      | Reached skill level 1 in Maces & Flails
  5482 | D:7      | Your ally Maggie died
  5501 | D:7      | HP: 3/84 [poisoned by a killer bee]
  5501 | D:7      | Slain by a killer bee

Illustrated notes

Levels and vault maps discovered:
D:1:      lightli_arrival_statuegarden, layout_basic, patterned_corridor
D:2:      layout_loops_ring, dilly_ecumenical_altar_fadedgnrine,
          kennysheep_generic_room_2
D:3:      layout_loops_corners, serial_shops, nicolae_diamond_shop
D:4:      cheibrodos_thug_alley, layout_gridville
D:5:      layout_gridville, temple_statues
D:6:      layout_rooms, uniq_grinder
D:7:      nzn_winding_woodlands_medium [nzn_winding_woodlands_5x5_perimeter,
          nzn_winding_woodlands_5x15_sawtooth, nzn_winding_woodlands_5x5_cross,
          nzn_winding_woodlands_5x5_three,
          nzn_winding_woodlands_center_triple_pond,
          nzn_winding_woodlands_hourglass, nzn_winding_woodlands_5x5_default,
          nzn_winding_woodlands_5x15_pockets,
          nzn_winding_woodlands_5x5_closed_star], layout_rooms,
          grunt_temple_overflow_holy_war, amcnicky_mini_corridor_feature,
          uniq_maggie, uniq_pikel

Skill      XL: |  1  2  3  4  5  6  7  8  9 |
---------------+----------------------------+-----
Shields        | 3 4 |  4.7
Unarmed Combat | 3 4 5 6 7 |  7.2
Armour         | 1 2 |  2.8
Dodging        | 3 4 |  4.5
Fighting       | 3 |  3.8
Invocations    | 1 2 |  2.8
Evocations     | 1 2 |  2.2
Stealth        | 1 2 |  2.0
Shapeshifting  | 1 2 |  2.3
Throwing       | 1 |  1.2
Maces & Flails | 1 |  1.0

Action                     |  1- 3 |  4- 6 |  7- 9 || total
---------------------------+-------+-------+-------++-------
  Melee: Unarmed           |    88 |    68 |   160 ||   316
  Throw: Javelin           |       |       |     4 ||     4
 Invoke: Recall Undead Har |     1 |     2 |     8 ||    11
  Evoke: Wand              |       |     6 |     6 ||    12
    Use: Scroll            |     4 |     3 |     5 ||    12
         Potion            |       |     3 |     5 ||     8
   Stab: Distracted        |       |     1 |     1 ||     2
         Sleeping          |       |       |     1 ||     1
 Armour: Robe              |    42 |    43 |   134 ||   219
  Dodge: Dodged            |    33 |    24 |    65 ||   122
  Block: Kite shield       |    17 |    31 |    56 ||   104
